 Dungeon Crawl Stone Soup version 0.31-a0-1099-g7fa767f3fe (webtiles) character file.

Game seed: 12542286581002813023

266 grothendieck the Stinger (level 6, -21/42 HPs)
             Began as a Human Venom Mage on Dec 1, 2023.
             Demolished by an ogre
             ... wielding a +0 giant club
              (28 damage)
             ... on level 4 of the Dungeon.
             The game lasted 00:25:36 (5223 turns).

grothendieck the Stinger (Human Venom Mage)         Turns: 5223, Time: 00:25:36

Health: -21/42     AC:  5    Str:  8    XL:     6   Next: 44%
Magic:  6/11       EV: 11    Int: 18    God:
Gold:   183        SH:  4    Dex: 13    Spells: 9/12 levels left

rFire   . . .        a - staff of poison
rCold   . . .        x - +0 buckler
rNeg    . . .        o - +0 leather armour
rPois   +            (no helmet)
rElec   .            (no cloak)
rCorr   .            (no gloves)
SInv    .            l - +1 pair of boots
Will    .....        (no amulet)
Stlth   ++           (no ring)
HPRegen 0.27/turn    (no ring)
MPRegen 0.12/turn

%: no passive effects
@: very slightly contaminated
A: no striking features
a: no special abilities


You were on level 4 of the Dungeon.
You visited 1 branch of the dungeon, and saw 4 of its levels.

You collected 183 gold pieces.

Inventory:

Hand Weapons
 b - a +1 short sword of protection
 d - a +0 war axe
 r - a +4 flail
 w - a +0 trident
Missiles
 c - 45 stones
 f - a throwing net {!f}
 g - a boomerang
 s - 8 javelins
Armour
 l - a +1 pair of boots (worn)
 o - a +0 leather armour (worn)
 u - a +0 robe
 x - a +0 buckler (worn)
Magical Staves
 a - a staff of poison (weapon)
 m - a staff of earth
 t - a staff of air
Jewellery
 A - a ring of ice
Wands
 j - a wand of mindburst (19)
 v - a wand of digging (5)
Scrolls
 i - 2 scrolls of vulnerability {!r}
 k - a scroll of enchant armour
 p - a scroll of acquirement
 y - a scroll of noise {unknown}
Potions
 e - 2 potions of experience {unknown}
 h - a potion of curing {unknown}
 n - a potion of magic
 z - a potion of lignification {unknown}


   Skills:
 - Level 0.3 Fighting
 - Level 2.0 Dodging
 + Level 3.4 Stealth
 * Level 3.9 Spellcasting
 - Level 1.0 Transmutations
 * Level 4.7 Poison Magic


You had 9 spell levels left.
You knew the following spells:

 Your Spells              Type           Power      Damage    Failure   Level
a - Sting                 Tmut/Pois      84%        1d7       11%         1
b - Poisonous Vapours     Pois/Air       36%        N/A       21%         2

Your spell library contained the following spells:

 Spells                   Type           Power      Damage    Failure   Level
 Olgreb's Toxic Radiance  Pois           31%        N/A       43%         4
 Sublimation of Blood     Necr           3%         N/A       47%         2
 Mephitic Cloud           Conj/Pois/Air  13%        N/A       47%         3
 Petrify                  Tmut/Erth      5%         N/A       96%         4
 Irradiate                Conj/Tmut      2%         3d12      100%        5


Dungeon Overview and Level Annotations

Branches:
Dungeon (4/15)
 Temple: D:4-7

Altars:

Annotations:
D:3 Ijyb


Message History

Confirm with . or Enter, or press ? or * to list all spells.
Aiming: Poisonous Vapours (safe; 21% risk of failure)
Press: ? - help, Dir - move target, f/p - ogre
Aim: an ogre, wielding a +0 giant club You feel a surge of power!
Poisonous vapours surround the ogre!
The ogre is poisoned.
Casting: Poisonous Vapours (safe; 21% risk of failure)
Confirm with . or Enter, or press ? or * to list all spells.
Aiming: Sting (safe; 11% risk of failure)
Press: ? - help, Shift-Dir - straight line, f/p - ogre
Aim: an ogre, wielding a +0 giant club (lightly wounded, poisoned, 89% to hit)
You feel a surge of power!
The sting hits the ogre.
The ogre looks even sicker.
The ogre is lightly wounded.
You block the ogre's attack.
Casting: Sting (safe; 11% risk of failure)
Confirm with . or Enter, or press ? or * to list all spells.
Aiming: Sting (safe; 11% risk of failure)
Press: ? - help, Shift-Dir - straight line, f/p - ogre
Aim: an ogre, wielding a +0 giant club (lightly wounded, very poisoned, 89% to hit)
You feel a surge of power!
You miscast Sting.
You are very lightly contaminated with residual magic.
Nothing appears to happen.
The ogre hits you with a +0 giant club!
Your magical contamination has completely faded away.
Casting: Sting (safe; 11% risk of failure)
Confirm with . or Enter, or press ? or * to list all spells.
Aiming: Poisonous Vapours (safe; 21% risk of failure)
Press: ? - help, Dir - move target, f/p - ogre
Aim: an ogre, wielding a +0 giant club (moderately wounded, poisoned)
You feel a surge of power!
You miscast Poisonous Vapours.
You are very lightly contaminated with residual magic.
Nothing appears to happen.
The ogre looks more healthy.
You hit the ogre.
The ogre is heavily wounded.
The ogre hits you with a +0 giant club!!
Ouch! That really hurt!
* * * LOW HITPOINT WARNING * * *
The ogre hits you with a +0 giant club!!
Ouch! That really hurt!
You die...

#.# ###### ****** ***,,,*
#.###...# #### **,,*
#.......## ###..## **,,*
##.....#.†###.....# *,,,*
#.>..O###.....##### *,,,*
#....## #....## **,,*
#....# #....# **** #....#
#....# #....## #..O@#
###* #.....#####.## *..*
#.##...# ########## *#.*
#.###..# ##.....## #.##
#..##..## ##.......##
###... ###.###...#
#..#...#..###..... #..##
##..####.##..###.........
#### ##...#..##.##
##........ #.....##..#
#.........


You could see an ogre.

Vanquished Creatures
  A scorpion (D:4)
  2 orc priests
  Terence (D:3)
  An orc wizard (D:4)
  2 adders
  4 dart slugs
  A worm (D:4)
  13 orcs
  4 endoplasms
  A giant cockroach (D:1)
  4 hobgoblins
  2 jackals
  2 quokkas
  7 ball pythons
  4 bats
  2 frilled lizards
  3 goblins
  4 kobolds
  2 rats (D:1)
60 creatures vanquished.

Notes
Turn   | Place    | Note
-------+----------+-------------------------------------------
     0 | D:1      | grothendieck the Human Venom Mage began the quest for the
                  | Orb.
     0 | D:1      | Reached XP level 1. HP: 13/13 MP: 3/3
   169 | D:1      | Found a faded altar of an unknown god.
   307 | D:1      | Reached XP level 2. HP: 19/20 MP: 1/5
   310 | D:1      | Learned a level 2 spell: Poisonous Vapours
  1469 | D:2      | Reached XP level 3. HP: 25/25 MP: 4/6
  2445 | D:3      | Noticed Terence
  2962 | D:3      | Noticed Ijyb
  3309 | D:2      | Reached XP level 4. HP: 30/31 MP: 2/8
  3531 | D:3      | Killed Terence
  3610 | D:4      | Noticed a scorpion
  3617 | D:4      | Killed a scorpion
  3618 | D:4      | Reached skill level 4 in Poison Magic
  3618 | D:4      | Reached XP level 5. HP: 28/36 MP: 0/10
  3981 | D:3      | Reached XP level 6. HP: 41/42 MP: 1/11
  4325 | D:4      | Identified a scroll of acquirement
  5193 | D:4      | Noticed an ogre
  5223 | D:4      | Demolished by an ogre

Illustrated notes

Levels and vault maps discovered:
D:1:      minmay_arrival_three_doors, layout_basic,
          shapermc_ecumenical_altar_venn
D:2:      layout_basic
D:3:      layout_rooms, uniq_terence, uniq_ijyb
D:4:      layout_layer_cave

Skill      XL: |  1  2  3  4 |
---------------+-------------+-----
Spellcasting   | 3 |  3.9
Stealth        | 3 |  3.4
Poison Magic   | 4 |  4.7
Fighting       | |  0.3
Dodging        | |  2.0
Transmutations | |  1.0

Action                     |  1- 3 |  4- 6 || total
---------------------------+-------+-------++-------
  Melee: Unarmed           |     1 |       ||     1
         Dagger            |    13 |       ||    13
         Staff             |     4 |     7 ||    11
  Throw: Dart              |       |     2 ||     2
   Cast: Sting             |    52 |    50 ||   102
         Poisonous Vapours |    12 |    25 ||    37
    Use: Scroll            |       |     6 ||     6
 Armour: Robe              |     8 |       ||     8
         Leather armour    |    20 |    25 ||    45
  Dodge: Dodged            |    30 |    14 ||    44
  Block: Buckler           |       |     2 ||     2

Table legend: (Time is in decaauts)
 A = Elapsed time spent in this place.
 B = Non-inter-level travel time spent in this place.
 C = Inter-level travel time spent in this place.
 D = Time resting spent in this place.
 E = Time spent auto-exploring this place.
 F = Levels seen in this place.
 G = Mean time per level.
                   A        B        C        D        E       F      G
               +--------+--------+--------+--------+--------+-----+--------+
         Total |   5233 |   4782 |    451 |   1381 |    941 |   4 | 1308.2 |
       Dungeon |   5233 |   4782 |    451 |   1381 |    941 |   4 | 1308.2 |
               +--------+--------+--------+--------+--------+-----+--------+

Top non-repeatable levels by time:
     D:2: 1401 daAuts
     D:1: 1312 daAuts
     D:3: 1303 daAuts
     D:4: 1216 daAuts
